 Dungeon Crawl Stone Soup version 0.25-a0-253-g6f1b5d974a (webtiles) character file.

Game seed: 9452582737785370798, levelgen mode: deterministic

97 Gumption the Grave Robber (level 4, 0/33 HPs)
             Began as a Demonspawn Necromancer on Dec 5, 2019.
             Slain by a wraith (3 damage)
             ... in an ossuary.
             The game lasted 00:25:03 (3221 turns).

Gumption the Grave Robber (Demonspawn Necromancer)  Turns: 3221, Time: 00:25:04

Health: 0/33       AC:  5    Str:  8    XL:     4   Next: 42%
Magic:  6/8        EV: 12    Int: 17    God:
Gold:   137        SH:  0    Dex: 14    Spells: 0/8 levels left

rFire    . . .     SeeInvis .   a - +1 whip
rCold    . . .     Gourm    .   (no shield)
rNeg     . . .     Faith    .   A - +0 robe
rPois    .         Spirit   .   (no helmet)
rElec    .         Reflect  .   (no cloak)
rCorr    .         Harm     .   (no gloves)
MR       .....                  k - +2 pair of boots
Stlth    ++........             (no amulet)
HPRegen  0.11/turn              (no ring)
MPRegen  0.11/turn              (no ring)

@: slowed, very slow
A: hooves 1, rot immunity
a: no special abilities


You were in an ossuary.
You were hungry.

You visited 1 branch of the dungeon, and saw 4 of its levels.
You also visited: Ossuary.

You collected 137 gold pieces.

Inventory:

Hand Weapons
 a - a +1 whip (weapon)
 b - a +0 hunting sling
 f - a +2 mace of protection
Missiles
 n - 96 stones (quivered)
Armour
 k - a +2 pair of boots (worn)
 A - a +0 robe (worn)
Jewellery
 c - an uncursed ring of fire
Scrolls
 d - a scroll of fog
 h - a scroll of remove curse
 l - a scroll of enchant weapon
 p - a scroll of identify
Potions
 i - a potion of might {unknown}
 m - a potion of degeneration {unknown}
 q - 2 potions of heal wounds
 r - a potion of invisibility {unknown}
 t - 2 potions of brilliance
Comestibles
 e - 5 rations


   Skills:
 + Level 1.8 Fighting
 - Level 1.7 Dodging
 - Level 1.7 Stealth
 + Level 2.7 Spellcasting
 * Level 5.5 Necromancy


You couldn't memorise any spells.
You knew the following spells:

 Your Spells              Type           Power        Failure   Level  Hunger
a - Pain                  Necr           ###.         1%          1    #......
b - Animate Skeleton      Necr           N/A          1%          1    #......
c - Vampiric Draining     Necr           ###.......   5%          3    ###....
z - Regeneration          Chrm/Necr      ##........   17%         3    ###....

Your spell library contained the following spells:

 Spells                   Type           Power        Failure   Level  Hunger
 Animate Dead             Necr           N/A          19%         4    #####..


Dungeon Overview and Level Annotations

Branches:
Dungeon (4/15)            Ossuary (1/1)
 Temple: D:4-7

Altars:

Annotations:
D:3 Grinder, Terence


Innate Abilities, Weirdness & Mutations

You have large cloven feet.
You are immune to rotting.


Message History

You feel as though you will be slow longer.
You hit the wraith but do no damage. The wraith hits you.
* * * LOW HITPOINT WARNING * * *
The wraith completely misses you.
You closely miss the wraith. The wraith hits you.
* * * LOW HITPOINT WARNING * * *
The wraith drains your vigour!
You feel as though you will be slow longer.
The wraith barely misses you.
You barely miss the wraith.
Your skin stops crawling.
The wraith hits you.
* * * LOW HITPOINT WARNING * * *
The wraith drains your vigour!
You feel as though you will be slow longer.
You barely miss the wraith. The wraith barely misses you.
The wraith misses you.
You hit the wraith but do no damage. The wraith closely misses you.
The wraith hits you.
You die...

#########################
............^...........#
...................^....#
#..###..###..###..####..#
...# #..# #..# #...'!#..#
#..#+#..#+#..#+#.W####..#
..^#.#..#.#..#.#@.......#
...................^....#
#.......###.......####..#
....8...# #...8....+ #..#
#.......#+#.......####..#
........#.#.............#
^..................^^...#
#..####.....####..####..#
...# +...8...+ #... #..#


You could see a wraith.

Vanquished Creatures
  A worker ant (D:4)
  2 adders
  A worm (D:3)
  3 dart slugs
  A leopard gecko (D:1)
  An orc (D:2)
  2 ball pythons (D:1)
  5 bats
  2 giant cockroaches (D:2)
  A gnoll zombie (Ossuary)
  2 goblins (D:2)
  7 hobgoblins
  A jackal (D:3)
  A quokka (D:4)
  2 frilled lizards
  2 goblin zombies (Ossuary)
  A hobgoblin zombie (Ossuary)
  3 kobolds
  2 kobold zombies (Ossuary)
  9 rats
49 creatures vanquished.

Notes
Turn   | Place    | Note
-------+----------+-------------------------------------------
     0 | D:1      | Gumption the Demonspawn Necromancer began the quest for the
                  | Orb.
     0 | D:1      | Reached XP level 1. HP: 13/13 MP: 3/3
     2 | D:1      | Learned a level 1 spell: Animate Skeleton
   335 | D:1      | Gained mutation: You are immune to rotting. [demonic
                  | ancestry]
   335 | D:1      | Reached XP level 2. HP: 20/20 MP: 3/5
   946 | D:1      | Reached skill level 1 in Fighting
  1168 | D:2      | Reached skill level 5 in Necromancy
  1246 | D:2      | Reached XP level 3. HP: 19/26 MP: 0/6
  1967 | D:3      | Noticed Terence
  2020 | D:3      | Noticed Grinder
  2716 | D:3      | Gained mutation: You have large cloven feet. [demonic
                  | ancestry]
  2716 | D:3      | Reached XP level 4. HP: 18/32 MP: 0/7
  2852 | D:3      | Learned a level 3 spell: Vampiric Draining
  2858 | D:2      | Learned a level 3 spell: Regeneration
  2915 | D:4      | Found a sand-covered staircase.
  2931 | Ossuary  | Entered an ossuary
  2931 | Ossuary  | Noticed a wraith
  2931 | Ossuary  | Noticed a wraith
  2931 | Ossuary  | Noticed a wraith
  3208 | Ossuary  | Noticed a wraith
  3221 | Ossuary  | Slain by a wraith

Levels and vault maps discovered:
D:1:      lightli_arrival_boilingwater, layout_loops_ring, minmay_tetromino_s4
D:2:      layout_rooms, first_ration, serial_corexii_hall,
          corexii_hall_statues_i, corexii_hall_statues_x,
          corexii_hall_statues_x, corexii_hall_statues_t, hex_large
D:3:      minmay_evil_eye, layout_rooms, minmay_puff, uniq_grinder, uniq_terence
D:4:      layout_rooms, nicolae_ossuary_entry_ruins
Ossuary:  ossuary_kennysheep_city_of_the_dead

Skill      XL: |  1  2 |
---------------+-------+-----
Fighting       | 1 |  1.8
Necromancy     | 5 |  5.5
Dodging        | |  1.7
Stealth        | |  1.7
Spellcasting   | |  2.7

Action                   |  1- 3 |  4- 6 || total
-------------------------+-------+-------++-------
Melee: Whip              |    11 |    44 ||    55
 Cast: Pain              |    74 |     7 ||    81
       Animate Skeleton  |    12 |       ||    12
       Regeneration      |       |     2 ||     2
  Use: Scroll            |     5 |     6 ||    11
  Eat: Chunk             |     6 |     2 ||     8
Armor: Robe              |     5 |     5 ||    10
Dodge: Dodged            |    25 |    31 ||    56

Table legend:
 A = Non-vault XP
 B = Vault XP
 C = Vault XP percentage of total XP
 D = Non-vault monster count
 E = Vault monster count
 F = Vault count percentage of total count
                 A         B        C        D         E       F
            +---------+---------+-------+---------+---------+-------
      Total |     108 |      31 |  22.3 |      38 |      11 |  22.4
            +---------+---------+-------+---------+---------+-------
        D:1 |      29 |       2 |   6.5 |      18 |       1 |   5.3
        D:2 |      35 |       0 |   0.0 |      13 |       0 |   0.0
        D:3 |      10 |      22 |  68.8 |       5 |       4 |  44.4
        D:4 |      34 |       0 |   0.0 |       2 |       0 |   0.0
    Ossuary |       0 |       7 | 100.0 |       0 |       6 | 100.0
            +---------+---------+-------+---------+---------+-------
